EL
TRENTON THUNDER @ PORTLAND SEA DOGS
07/02/2045
 
TOP OF THE 1ST
Trenton Thunder batting - Pitching for Portland Sea Dogs : RHP Chris Cory
Pitching: RHP Chris Cory
Batting: LHB Aaron Joyner 0-0: Called Strike
0-1: Called Strike
0-2: Ball
1-2: Strikes out swinging
Batting: SHB Mukhtar Wa'il 0-0: Ball
1-0: Called Strike
1-1: Ball
2-1: Ball
3-1: Called Strike
3-2: Strikes out looking
Batting: LHB Alexis Montoya 0-0: Ball
1-0: SINGLE (Line Drive, 6D, EV 106.9 MPH)
Batting: SHB Victor Ruiz 0-0: Foul Ball, location: 2F
0-1: Foul Ball, location: 2F
0-2: Ball
1-2: Fielders Choice at 2nd, 5-4 (Groundball, 6, EV 99.4 MPH)
Top of the 1st over - 0 runs, 1 hit, 0 errors, 1 left on base; Trenton 0 - Portland 0
BOTTOM OF THE 1ST
Portland Sea Dogs batting - Pitching for Trenton Thunder : RHP Andres Galindo
Pitching: RHP Andres Galindo
Batting: RHB Manny Jurado 0-0: Called Strike
0-1: Ground out 5-3 (Groundball, 56S, EV 78.8 MPH)
Batting: RHB Guillermo Quintero 0-0: Ball
1-0: Ball
2-0: Foul Ball, location: 2F
2-1: Foul Ball, location: 2F
2-2: Ball
3-2: SOLO HOME RUN (Flyball, 8RXD, EV 111.2 MPH), Distance : 425 ft
Batting: LHB Julian Toney 0-0: Swinging Strike
0-1: Called Strike
0-2: Ball
1-2: Ball
2-2: Foul Ball, location: 2F
2-2: Ball
3-2: Base on Balls
Batting: RHB Carlos Nolasco 0-0: Called Strike
0-1: Ball
1-1: Ball
2-1: Ball
3-1: Swinging Strike
3-2: Base on Balls
Julian Toney to second
Batting: LHB Blake Sams 0-0: Called Strike
0-1: Foul Ball, location: 2F
0-2: Ball
1-2: Strikes out looking
Batting: SHB Gus Cruz 0-0: Ball
1-0: Called Strike
1-1: Called Strike
1-2: Foul Ball, location: 2F
1-2: Strikes out swinging
Bottom of the 1st over - 1 run, 1 hit, 0 errors, 2 left on base; Trenton 0 - Portland 1
TOP OF THE 2ND
Trenton Thunder batting - Pitching for Portland Sea Dogs : RHP Chris Cory
Batting: RHB Mike Gifford 0-0: Called Strike
0-1: Called Strike
0-2: SOLO HOME RUN (Flyball, 78XD, EV 100.6 MPH), Distance : 427 ft
Batting: RHB Johannes Gutermuth 0-0: Called Strike
0-1: Ball
1-1: Ball
2-1: Called Strike
2-2: Foul Ball, location: 2F
2-2: Foul Ball, location: 2F
2-2: Ground out U3 (Groundball, 3, EV 87.5 MPH)
Batting: RHB Omar Novoa 0-0: Called Strike
0-1: Called Strike
0-2: Foul Ball, location: 2F
0-2: Strikes out swinging
Batting: RHB Nick Dunton 0-0: Ball
1-0: SINGLE (Groundball, 6M, EV 88.8 MPH) (infield hit)
Batting: RHB Sharafat Khanum 0-0: Called Strike
Nick Dunton is caught stealing 2nd base 2-4
Top of the 2nd over - 1 run, 2 hits, 0 errors, 0 left on base; Trenton 1 - Portland 1
BOTTOM OF THE 2ND
Portland Sea Dogs batting - Pitching for Trenton Thunder : RHP Andres Galindo
Batting: LHB Dave Reyes 0-0: Called Strike
0-1: Ball
1-1: Foul Ball, location: 2F
1-2: Ball
2-2: Ground out 4-3 (Groundball, 4, EV 103.1 MPH)
Batting: RHB Joe Evrard 0-0: Called Strike
0-1: Ball
1-1: Ball
2-1: Ball
3-1: Called Strike
3-2: Foul Ball, location: 2F
3-2: Foul Ball, location: 2F
3-2: Foul Ball, location: 2F
3-2: DOUBLE (Line Drive, 8LXD, EV 106.2 MPH)
Batting: RHB Kyle Holland 0-0: Called Strike
0-1: SINGLE (Groundball, 6MS, EV 72.5 MPH) (infield hit)
Joe Evrard to third
Batting: RHB Manny Jurado 0-0: Ball
Kyle Holland steals 2nd base
1-0: Called Strike
1-1: Ball
2-1: Hit by Pitch
Batting: RHB Guillermo Quintero 0-0: Called Strike
0-1: Ball
1-1: Fielders Choice at 2nd, 5-4 (Groundball, 56, EV 103.1 MPH)
Joe Evrard scores
Kyle Holland to third
Batting: LHB Julian Toney 0-0: Called Strike
0-1: Ball
1-1: Ball
2-1: Ground out U3 (Groundball, 3, EV 100.0 MPH)
Bottom of the 2nd over - 1 run, 2 hits, 0 errors, 2 left on base; Trenton 1 - Portland 2
TOP OF THE 3RD
Trenton Thunder batting - Pitching for Portland Sea Dogs : RHP Chris Cory
Batting: RHB Sharafat Khanum 0-0: Ball
1-0: Foul Ball, location: 2F
1-1: Ball
2-1: Called Strike
2-2: Ball
3-2: Ground out 4-3 (Groundball, 4MD, EV 83.8 MPH)
Batting: LHB Aaron Joyner 0-0: Swinging Strike
0-1: Called Strike
0-2: Ball
1-2: Ground out 4-3 (Groundball, 34, EV 76.2 MPH)
Batting: SHB Mukhtar Wa'il 0-0: Foul Ball, location: 2F
0-1: Called Strike
0-2: Foul Ball, location: 2F
0-2: Ball
1-2: Ground out 4-3 (Groundball, 4, EV 95.6 MPH)
Top of the 3rd over - 0 runs, 0 hits, 0 errors, 0 left on base; Trenton 1 - Portland 2
BOTTOM OF THE 3RD
Portland Sea Dogs batting - Pitching for Trenton Thunder : RHP Andres Galindo
Batting: RHB Carlos Nolasco 0-0: Called Strike
0-1: DOUBLE (Popup, 6D, EV 56.2 MPH)
Batting: LHB Blake Sams 0-0: Called Strike
0-1: Swinging Strike
0-2: Strikes out swinging
Batting: SHB Gus Cruz 0-0: Ball
1-0: Ball
2-0: Called Strike
2-1: Ground out 4-3 (Groundball, 4, EV 90.0 MPH)
Carlos Nolasco to third
Batting: LHB Dave Reyes 0-0: Ball
1-0: Ball
2-0: Ground out U3 (Groundball, 3, EV 86.2 MPH)
Bottom of the 3rd over - 0 runs, 1 hit, 0 errors, 1 left on base; Trenton 1 - Portland 2
TOP OF THE 4TH
Trenton Thunder batting - Pitching for Portland Sea Dogs : RHP Chris Cory
Batting: LHB Alexis Montoya 0-0: Ball
1-0: Called Strike
1-1: Foul Ball, location: 2F
1-2: Ball
2-2: Strikes out swinging
Batting: SHB Victor Ruiz 0-0: Called Strike
0-1: Ball
1-1: Ball
2-1: Called Strike
2-2: Ball
3-2: Fly out, F6 (Popup, P, EV 78.8 MPH)
Batting: RHB Mike Gifford 0-0: Called Strike
0-1: Swinging Strike
0-2: Foul Ball, location: 2F
0-2: Ball
1-2: Fly out, F8 (Flyball, 78D, EV 103.8 MPH)
Top of the 4th over - 0 runs, 0 hits, 0 errors, 0 left on base; Trenton 1 - Portland 2
BOTTOM OF THE 4TH
Portland Sea Dogs batting - Pitching for Trenton Thunder : RHP Andres Galindo
Batting: RHB Joe Evrard 0-0: Called Strike
0-1: Foul Ball, location: 2F
0-2: Foul Ball, location: 2F
0-2: Foul Ball, location: 2F
0-2: Fly out, F8 (Flyball, 8RD, EV 107.5 MPH)
Batting: RHB Kyle Holland 0-0: Ball
1-0: Ball
2-0: Ball
3-0: Base on Balls
Batting: RHB Manny Jurado 0-0: Ball
1-0: Called Strike
1-1: Ball
2-1: Ball
3-1: Fielders Choice at 2nd, 4-6 (Groundball, 4, EV 106.2 MPH)
Batting: RHB Guillermo Quintero 0-0: Ball
1-0: Called Strike
1-1: Called Strike
Manny Jurado steals 2nd base
1-2: Ball
2-2: Ground out 5-3 (Groundball, 56, EV 82.5 MPH)
Bottom of the 4th over - 0 runs, 0 hits, 0 errors, 1 left on base; Trenton 1 - Portland 2
TOP OF THE 5TH
Trenton Thunder batting - Pitching for Portland Sea Dogs : RHP Chris Cory
Batting: RHB Johannes Gutermuth 0-0: Ball
1-0: Ball
2-0: Ball
3-0: Base on Balls
Batting: RHB Omar Novoa 0-0: Ball
1-0: Swinging Strike
1-1: Ball
2-1: Swinging Strike
2-2: Strikes out looking
Batting: RHB Nick Dunton 0-0: Ball
1-0: Foul Ball, location: 2F
1-1: Fly out, F1 (Line Drive, P, EV 62.5 MPH)
Batting: RHB Sharafat Khanum 0-0: Ground out 6-3 (Groundball, 6S, EV 84.4 MPH)
Top of the 5th over - 0 runs, 0 hits, 0 errors, 1 left on base; Trenton 1 - Portland 2
BOTTOM OF THE 5TH
Portland Sea Dogs batting - Pitching for Trenton Thunder : RHP Andres Galindo
Batting: LHB Julian Toney 0-0: Ball
1-0: Foul Ball, location: 2F
1-1: Ball
2-1: Ball
3-1: SINGLE (Groundball, 3D, EV 98.8 MPH)
Pitching: RHP Vince DeFord
Batting: RHB Carlos Nolasco 0-0: Called Strike
0-1: Called Strike
0-2: Ball
1-2: Ball
2-2: 2-RUN HOME RUN (Flyball, 78XD, EV 113.1 MPH), Distance : 412 ft
Batting: LHB Blake Sams 0-0: Swinging Strike
0-1: Swinging Strike
0-2: Fly out, F5 (Line Drive, 5, EV 68.1 MPH)
Batting: SHB Gus Cruz 0-0: Ball
1-0: Ball
2-0: Called Strike
2-1: Called Strike
2-2: Ground out U3 (Groundball, 3, EV 97.5 MPH)
Batting: LHB Dave Reyes 0-0: Foul Ball, location: 2F
0-1: Ball
1-1: Ball
2-1: Ground out U3 (Groundball, 34S, EV 89.4 MPH)
Bottom of the 5th over - 2 runs, 2 hits, 0 errors, 0 left on base; Trenton 1 - Portland 4
TOP OF THE 6TH
Trenton Thunder batting - Pitching for Portland Sea Dogs : RHP Chris Cory
Batting: LHB Aaron Joyner 0-0: Ball
1-0: Called Strike
1-1: Swinging Strike
1-2: Strikes out swinging
Batting: SHB Mukhtar Wa'il 0-0: Ball
1-0: Ball
2-0: Foul Ball, location: 2F
2-1: Called Strike
2-2: Strikes out swinging
Batting: LHB Alexis Montoya 0-0: Ball
1-0: Ground out U3 (Groundball, 34, EV 90.0 MPH)
Top of the 6th over - 0 runs, 0 hits, 0 errors, 0 left on base; Trenton 1 - Portland 4
BOTTOM OF THE 6TH
Portland Sea Dogs batting - Pitching for Trenton Thunder : RHP Vince DeFord
Batting: RHB Joe Evrard 0-0: Ball
1-0: Called Strike
1-1: Ball
2-1: Foul Ball, location: 2F
2-2: Fly out, F9 (Flyball, 89S, EV 94.4 MPH)
Pitching: RHP Mark Norman
Batting: RHB Kyle Holland 0-0: Foul Ball, location: 2F
0-1: Ball
1-1: Foul Ball, location: 2F
1-2: Foul Ball, location: 2F
1-2: Ball
2-2: Ball
3-2: SINGLE (Line Drive, 56D, EV 102.5 MPH)
Batting: RHB Manny Jurado 0-0: DOUBLE (Groundball, 3L, EV 96.9 MPH)
Kyle Holland to third
Runner from 3rd tries for Home, SAFE, throw by RF to trailing runner, OUT at third! 9-3-5
Batting: RHB Guillermo Quintero 0-0: Ball
1-0: Called Strike
1-1: DOUBLE (Groundball, 3L, EV 108.8 MPH)
Batting: LHB Julian Toney 0-0: Ball
1-0: Ball
2-0: Ball
3-0: Called Strike
3-1: Base on Balls
Batting: RHB Carlos Nolasco 0-0: Ball
1-0: Called Strike
1-1: Ball
2-1: 3-RUN HOME RUN (Flyball, 7D, EV 95.6 MPH) (Inside the Park)
Pitching: RHP Craig Murphy
Batting: LHB Blake Sams 0-0: Ball
1-0: Called Strike
1-1: Called Strike
1-2: Ball
2-2: Foul Ball, location: 2F
2-2: Ball
3-2: Base on Balls
Batting: SHB Gus Cruz 0-0: Ground out U3 (Groundball, 34S, EV 86.9 MPH)
Bottom of the 6th over - 4 runs, 4 hits, 0 errors, 1 left on base; Trenton 1 - Portland 8
TOP OF THE 7TH
Trenton Thunder batting - Pitching for Portland Sea Dogs : RHP Chris Cory
Pinch Hitting: RHB Alfredo Razo 0-0: Ball
1-0: DOUBLE (Flyball, 8LD, EV 110.0 MPH)
Batting: RHB Mike Gifford 0-0: Ball
1-0: Foul Ball, location: 2F
1-1: Called Strike
1-2: Ground out 6-3 (Groundball, 6M, EV 106.2 MPH)
Alfredo Razo to third
Batting: RHB Johannes Gutermuth 0-0: Ball
1-0: Called Strike
1-1: Foul Ball, location: 2F
1-2: Ball
2-2: Strikes out looking
Pitching: RHP Cameron Williams
Batting: RHB Omar Novoa 0-0: Ball
1-0: Ball
2-0: Called Strike
2-1: Foul Ball, location: 2F
2-2: Ball
3-2: Foul Ball, location: 2F
3-2: Strikes out swinging
Top of the 7th over - 0 runs, 1 hit, 0 errors, 1 left on base; Trenton 1 - Portland 8
BOTTOM OF THE 7TH
Portland Sea Dogs batting - Pitching for Trenton Thunder : RHP Craig Murphy
Now in LF: Alfredo Razo
Batting: LHB Dave Reyes 0-0: Foul Ball, location: 2F
0-1: Swinging Strike
0-2: Strikes out swinging
Batting: RHB Joe Evrard 0-0: Called Strike
0-1: Ground out 4-3 (Groundball, 4, EV 89.4 MPH)
Batting: RHB Kyle Holland 0-0: Ball
1-0: Ball
2-0: Ball
3-0: Foul Ball, location: 2F
3-1: Base on Balls
Batting: RHB Manny Jurado 0-0: SINGLE (Line Drive, 4D, EV 96.2 MPH)
Kyle Holland to second
Pinch Hitting: RHB Sean Lee 0-0: Ball
1-0: Ball
2-0: Called Strike
2-1: Ball
3-1: Called Strike
3-2: DOUBLE (Line Drive, 89XD, EV 100.6 MPH)
Kyle Holland scores
Manny Jurado to third
Manny Jurado scores
Batting: LHB Julian Toney 0-0: Called Strike
0-1: Foul Ball, location: 2F
0-2: Foul Ball, location: 2F
0-2: Fly out, F8 (Flyball, 8LD, EV 96.2 MPH)
Bottom of the 7th over - 2 runs, 2 hits, 0 errors, 1 left on base; Trenton 1 - Portland 10
TOP OF THE 8TH
Trenton Thunder batting - Pitching for Portland Sea Dogs : RHP Cameron Williams
Now at 1B: Sean Lee
Batting: RHB Nick Dunton 0-0: Ball
1-0: Called Strike
1-1: Ground out 5-3 (Groundball, 5, EV 105.0 MPH)
Batting: RHB Sharafat Khanum 0-0: Ground out 4-3 (Groundball, 4MS, EV 77.5 MPH)
Batting: LHB Aaron Joyner 0-0: Ball
1-0: Foul Ball, location: 2F
1-1: Swinging Strike
1-2: Ball
2-2: Ball
3-2: Fly out, F8 (Line Drive, 8LD, EV 98.1 MPH)
Top of the 8th over - 0 runs, 0 hits, 0 errors, 0 left on base; Trenton 1 - Portland 10
BOTTOM OF THE 8TH
Portland Sea Dogs batting - Pitching for Trenton Thunder : RHP Craig Murphy
Pitching: LHP Steve Martin
Batting: RHB Carlos Nolasco 0-0: Called Strike
0-1: Ground out 6-3 (Groundball, 6, EV 85.0 MPH)
Batting: LHB Blake Sams 0-0: Called Strike
0-1: Called Strike
0-2: Ball
1-2: Ball
2-2: Strikes out swinging
Batting: SHB Gus Cruz 0-0: Ball
1-0: Called Strike
1-1: Called Strike
1-2: Strikes out swinging
Bottom of the 8th over - 0 runs, 0 hits, 0 errors, 0 left on base; Trenton 1 - Portland 10
TOP OF THE 9TH
Trenton Thunder batting - Pitching for Portland Sea Dogs : RHP Cameron Williams
Batting: SHB Mukhtar Wa'il 0-0: Ball
1-0: Ball
2-0: Called Strike
2-1: Ball
3-1: Base on Balls
Batting: LHB Alexis Montoya 0-0: Ball
1-0: Swinging Strike
1-1: Grounds into double play, 3-6-3 (Groundball, 34, EV 84.4 MPH)
Pinch Hitting: SHB Blake Abbott 0-0: Ball
1-0: Called Strike
1-1: Called Strike
1-2: Strikes out swinging
Top of the 9th over - 0 runs, 0 hits, 0 errors, 0 left on base; Trenton 1 - Portland 10
Wednesday, June 22nd , 2022 - OOTP Baseball 23.4 Build 64